 Dungeon Crawl Stone Soup version 0.14-a0-836-g5210f43 (console) character file.

758 Illaniel the Charmwright (level 7, -1/45 HPs)
             Began as a High Elf Skald on Nov 12, 2013.
             Was a Believer of Okawaru.
             Slain by a wyvern (19 damage)
             ... on Level 5 of the Dungeon on Nov 13, 2013.
             The game lasted 00:22:00 (5015 turns).

Illaniel the Charmwright (High Elf Skald)           Turns: 5015, Time: 00:22:01

HP  -1/45        AC  3     Str 11      XL: 7   Next: 38%
MP   2/20        EV 12     Int 18      God: Okawaru [**....]
Gold 57          SH  0     Dex 15      Spells:  4 memorised,  6 levels left

Res.Fire  : . . .   See Invis. : .   a - +0,+1 orc falchion
Res.Cold  : . . .   Warding    : .   b - +0 elf leather armour
Life Prot.: . . .   Conserve   : .   (no shield)
Res.Poison: .       Res.Corr.  : .   (no helmet)
Res.Elec. : .       Clarity    : .   (no cloak)
Sust.Abil.: . .     Spirit.Shd : .   (no gloves)
Res.Mut.  : .       Stasis     : .   (no boots)
Res.Rott. : .       Flight     : .   (no amulet)
Saprovore : . . .                    (no ring)
                                     (no ring)

@: very slightly contaminated, slightly resistant to hostile enchantments,
unstealthy
A: no striking features
a: Heroism, Renounce Religion


You were on level 5 of the Dungeon.
You worshipped Okawaru.
Okawaru was pleased with you.
You were hungry.

You visited 1 branch of the dungeon, and saw 6 of its levels.

You collected 271 gold pieces.
You spent 214 gold pieces at shops.

Inventory:

Hand weapons
 a - a +0,+1 orcish falchion (weapon)
 w - a -3,+0 long sword
Missiles
 y - 6 poisoned needles
Armour
 b - a +0 elven leather armour (worn)
Comestibles
 d - 3 bread rations
 f - a pear
 n - 2 meat rations
 v - 3 chokos
Scrolls
 g - a scroll of noise {unknown}
 h - 3 scrolls of fog
 i - a scroll of identify
 k - 3 scrolls of curse armour
 l - 2 scrolls of remove curse
 m - 2 scrolls of enchant weapon II
 o - a scroll of enchant weapon I
 p - a scroll of magic mapping {unknown}
 r - 3 scrolls of fear {unknown}
 s - 2 scrolls of curse jewellery
 C - a scroll of random uselessness
 D - a scroll of blinking
 E - a scroll of teleportation
Potions
 e - 2 potions of restore abilities
 j - a potion of brilliance
 q - 4 potions of curing {unknown}
 t - a potion of speed
 u - a potion of agility
 x - a potion of mutation
 z - a potion of poison
Books
 c - a book of Battle

   Spells                             Type                      Level
   *Infusion                          Charms                       1
   *Shroud of Golubria                Charms/Translocation         2
   *Song of Slaying                   Charms                       2
   *Spectral Weapon                   Hexes/Charms                 3
   Regeneration                       Charms/Necromancy            3
 B - a book of Power

   Spells                             Type                      Level
   Iskenderun's Mystic Blast          Conjuration                  4
   Venom Bolt                         Conjuration/Poison           5
   Bolt of Magma                      Conjuration/Fire/Earth       5
   Fulminant Prism                    Conjuration/Hexes            5
   Iron Shot                          Conjuration/Earth            6
   Orb of Destruction                 Conjuration                  7


   Skills:
 + Level 3.2 Fighting
 * Level 4.7 Long Blades
 * Level 2.6 Armour
 * Level 3.4 Dodging
 + Level 1.6 Stealth
 * Level 4.0 Spellcasting
 + Level 1.1 Hexes
 * Level 5.2 Charms
 + Level 1.0 Translocations
 + Level 1.4 Invocations


You had 6 spell levels left.
You knew the following spells:

 Your Spells              Type           Power        Failure   Level  Hunger
a - Infusion              Chrm           ###...       1%          1    None
b - Song of Slaying       Chrm           ###.....     2%          2    ##.....
c - Spectral Weapon       Hex/Chrm       ###.....     14%         3    ###....
h - Shroud of Golubria    Chrm/Tloc      ###.......   8%          2    ##.....


Dungeon Overview and Level Annotations

Branches:
Dungeon (6/27)
 Temple: D:4-7          Orc: D:6-11      Vaults: D:2-5          Zot: D:6

Altars:
Ashenzari
Elyvilon
Nemelex Xobeh
Okawaru
Yredelemnul
Zin

Shops:
D:5 %?


Message History

You closely miss the wyvern.
The wyvern is lightly wounded.
Your spectral weapon closely misses the wyvern.
The wyvern barely misses you. The wyvern misses you.
You closely miss the wyvern.
The wyvern is lightly wounded.
Your spectral weapon closely misses the wyvern.
The wyvern bites you!
You hit the wyvern.
The wyvern is moderately wounded.
Your spectral weapon completely misses the wyvern.
The wyvern bites you.
The wyvern bites you but does no damage.
Drink which item? (? for menu, Esc to quit)
You feel much better. The wyvern bites you!
You hit the wyvern.
The wyvern is moderately wounded.
Your spectral weapon completely misses the wyvern.
The wyvern bites you!
You die...

∙▒∙∙∙∙∙∙∙∙∙)∙▒∙▒∙▒▒▒∙▒▒▒▒∙▒∙∙<▒▒▒
∙▒∙∙∙∙∙∙∙∙∙▒▒▒∙▒∙▒▒▒∙∙∙∙∙∙∙∙∙∙▒▒▒
∙∙∙▒▒∙∙∙▒▒▒▒ ▒∙∙∙∙∙∙∙∙∙∙∙∙∙∙∙∙∙%∙
▒▒∙▒▒∙∙∙▒ ▒∙∙∙▒▒▒▒▒▒▒▒∙▒∙▒∙▒▒▒
▒∙▒▒∙∙∙▒ ▒∙∙∙▒ ▒∙∙∙∙▒∙▒∙▒
▒∙▒▒▒∙▒▒ ▒∙∙∙▒ ▒∙▒▒▒▒∙▒∙▒
▒∙▒▒▒∙▒▒▒▒▒▒▒∙∙∙▒▒ ▒∙▒ ▒∙▒∙▒
▒∙∙∙∙∙∙∙∙∙∙∙∙∙∙∙∙▒ ▒∙▒ ▒∙▒∙▒▒▒
▒▒▒▒▒∙▒∙∙∙∙∙∙∙∙∙∙▒▒▒▒∙▒▒▒▒∙∙∙∙∙∙
▒∙▒▒▒▒▒▒▒∙∙D∙∙∙∙∙∙∙∙∙∙∙▒∙▒▒▒ ▒∙▒
▒∙(@▒▒▒▒▒▒▒▒▒▒▒▒▒▒ ▒∙▒▒▒▒▒▒▒∙(∙▒
▒∙∙∙∙∙∙∙∙∙∙∙▒ ▒▒▒▒▒▒▒▒▒▒▒▒▒


You could see a wyvern and a friendly spectral orcish falchion.

Vanquished Creatures
  Prince Ribbit (D:5)
  Sigmund (D:3)
  A jelly (D:4)
  2 crimson imps (D:5)
  3 orc wizards (D:4)
  Jessica (D:3)
  4 adders
  4 gnolls (D:2)
  A giant mite (D:5)
  2 worms (D:2)
  An adder skeleton (D:4)
  6 giant geckos
  16 orcs
  3 giant cockroaches
  9 goblins
  15 hobgoblins
  7 jackals
  3 quokkas
  6 ball pythons
  5 bats
  2 giant newts
  A goblin skeleton (D:4)
  8 kobolds
  2 kobold skeletons (D:5)
  A kobold zombie (D:3)
  7 rats
112 creatures vanquished.

Vanquished Creatures (others)
  A giant spore (D:6)
1 creature vanquished.

Grand Total: 113 creatures vanquished

Notes
Turn   | Place    | Note
--------------------------------------------------------------
     0 | D:1      | Illaniel, the High Elf Skald, began the quest for the Orb.
     0 | D:1      | Reached XP level 1. HP: 13/13 MP: 4/4
    71 | D:1      | Reached skill level 1 in Armour
   211 | D:1      | Reached XP level 2. HP: 12/18 MP: 3/6
   284 | D:1      | Learned a level 2 spell: Song of Slaying
   287 | D:1      | Learned a level 2 spell: Shroud of Golubria
  1052 | D:2      | Reached XP level 3. HP: 12/23 MP: 0/9
  1097 | D:2      | Reached skill level 4 in Charms
  1699 | D:2      | Reached XP level 4. HP: 26/29 MP: 2/12
  2128 | D:3      | Noticed Sigmund
  2465 | D:3      | Reached XP level 5. HP: 18/34 MP: 2/13
  2471 | D:3      | Learned a level 3 spell: Spectral Weapon
  2502 | D:3      | Found a sparkling altar of Nemelex Xobeh.
  2503 | D:3      | Found an iron altar of Okawaru.
  2504 | D:3      | Found a white marble altar of Elyvilon.
  2504 | D:3      | Found a shattered altar of Ashenzari.
  2506 | D:3      | Found a basalt altar of Yredelemnul.
  2508 | D:3      | Became a worshipper of Warmaster Okawaru
  3035 | D:3      | Noticed Jessica
  3047 | D:3      | Killed Jessica
  3233 | D:3      | Killed Sigmund
  3235 | D:3      | Acquired Okawaru's first power
  3494 | D:4      | Reached XP level 6. HP: 30/40 MP: 3/17
  3684 | D:4      | Reached skill level 1 in Stealth
  4177 | D:5      | Entered Level 5 of the Dungeon
  4267 | D:5      | Found a glowing silver altar of Zin.
  4316 | D:5      | Reached skill level 1 in Invocations
  4345 | D:5      | Noticed Prince Ribbit
  4361 | D:5      | Found Gynag's Food Boutique.
  4369 | D:5      | Reached skill level 5 in Charms
  4398 | D:4      | Upgraded the game from 0.14-a0-817-g3f7b0b1 to 0.14-a0-836-g5210f43
  4714 | D:5      | Found Zaysch's Magic Scroll Emporium.
  4721 | D:5      | Bought a scroll of curse armour for 22 gold pieces
  4721 | D:5      | Bought a scroll of random uselessness for 11 gold pieces
  4721 | D:5      | Bought a scroll of identify for 22 gold pieces
  4721 | D:5      | Bought a scroll of blinking for 60 gold pieces
  4721 | D:5      | Bought a scroll of identify for 22 gold pieces
  4721 | D:5      | Bought a scroll of identify for 22 gold pieces
  4721 | D:5      | Bought a scroll of fog for 22 gold pieces
  4721 | D:5      | Bought a scroll of teleportation for 33 gold pieces
  4979 | D:5      | Killed Prince Ribbit
  4979 | D:5      | Reached skill level 1 in Hexes
  4979 | D:5      | Reached skill level 1 in Translocations
  4979 | D:5      | Reached XP level 7. HP: 32/45 MP: 4/20
  5004 | D:5      | Noticed a wyvern
  5015 | D:5      | Slain by a wyvern

Action                   |  1- 3 |  4- 6 |  7- 9 || total
-------------------------+-------+-------+-------++-------
Melee: Falchion          |    86 |   228 |     6 ||   320
 Cast: Infusion          |    19 |    35 |     1 ||    55
       Shroud of Golubri |    11 |    21 |       ||    32
       Song of Slaying   |     2 |     6 |       ||     8
       Spectral Weapon   |       |    16 |     1 ||    17
Invok: Heroism           |       |     1 |       ||     1
  Use: Scroll            |       |     9 |       ||     9
       Potion            |       |       |     1 ||     1
 Stab: Distracted        |       |     1 |       ||     1
